 Dungeon Crawl Stone Soup version 0.24-a0-445-gd5110b030a (webtiles) character file.

Game seed: 10625982247603541951

1540 Azzok the Cleaver (level 8, -5/63 HPs)
             Began as a Ghoul Fighter on June 22, 2019.
             Slain by an orc warrior
             ... wielding a +0 long sword
              (8 damage)
             ... on level 6 of the Dungeon.
             The game lasted 00:07:55 (6725 turns).

Azzok the Cleaver (Ghoul Fighter)                   Turns: 6725, Time: 00:07:56

Health: -5/63      AC: 10    Str: 22    XL:     8   Next: 86%
Magic:  0/8        EV:  5    Int:  3    God:
Gold:   127        SH:  8    Dex:  8    Spells: 7/7 levels left

rFire    . . .     SeeInvis .   a - +0 war axe
rCold    + . .     Gourm    .   c - +0 shield
rNeg     + + +     Faith    .   w - +0 chain mail
rPois    ∞         Spirit   +   (no helmet)
rElec    .         Reflect  .   l - scarf {Spirit}
rCorr    .         Harm     .   r - +0 pair of gloves
MR       .....                  (no boots)
Stlth    ..........             (no amulet)
HPRegen  0.00/turn              (no ring)
MPRegen  0.11/turn              (no ring)

@: rotting
A: rotting body, claws 1, carnivore, cold resistance 1, negative energy
resistance 3, inhibited regeneration, torment resistance, unbreathing
a: no special abilities


You were on level 6 of the Dungeon.
You were not hungry.

You visited 1 branch of the dungeon, and saw 6 of its levels.

You collected 231 gold pieces.
You spent 104 gold pieces at shops.

Inventory:

Hand Weapons
 a - a +0 war axe (weapon)
Armour
 c - a +0 shield (worn)
 l - a scarf of spirit shield (worn)
 r - a +0 pair of gloves (worn)
 w - a +0 chain mail (worn)
Wands
 m - a wand of paralysis (9)
 n - a wand of random effects (10)
 x - a wand of polymorph (5)
Scrolls
 h - 4 scrolls of remove curse {unknown}
 i - 2 scrolls of teleportation {unknown}
 k - a scroll of magic mapping {unknown}
 o - 2 scrolls of noise {unknown}
 q - a scroll of enchant weapon {unknown}
 s - a scroll of random uselessness {unknown}
 t - 3 scrolls of fear {unknown}
 v - a scroll of blinking {unknown}
 y - a scroll of enchant armour {unknown}
Potions
 e - 2 potions of curing
 g - a potion of flight
 p - a potion of resistance
 u - a potion of heal wounds
Comestibles
 f - 8 rations


   Skills:
 - Level 3.2 Fighting
 + Level 9.4 Axes
 + Level 3.6 Armour
 - Level 2.6 Shields
 + Level 2.1 Evocations


You had 7 spell levels left.
You didn't know any spells.
Your spell library contained the following spells:

 Spells                   Type           Power        Failure   Level  Hunger
 Flame Tongue             Conj/Fire      #....        100%        1    ##.....
 Throw Flame              Conj/Fire      #.....       100%        2    ###....
 Conjure Flame            Conj/Fire      #.......     100%        3    ####...
 Inner Flame              Hex/Fire       #.......     100%        3    ####...
 Sticky Flame             Conj/Fire      #.......     100%        4    #####..
 Fireball                 Conj/Fire      #.........   100%        5    ######.


Dungeon Overview and Level Annotations

Branches:
Dungeon (6/15)
 Temple: D:4-7

Altars:
Fedhas
Gozag
Vehumet
Xom

Shops:
D:5 !


Innate Abilities, Weirdness & Mutations

Your body is rotting away.
You thrive on raw meat.
You are immune to poison.
You have sharp fingernails.
You are carnivorous and can eat meat at any time.
Your flesh is cold resistant. (rC+)
You are immune to negative energy. (rN+++)
You do not regenerate when monsters are visible.
You are immune to unholy pain and torment.
You can survive without breathing.


Message History

The orc warrior hits you with a +0 long sword!
* * * LOW MAGIC WARNING * * *;
* * * LOW HITPOINT WARNING * * *
You slash the orc!
You kill the orc!
You closely miss the orc warrior.
The orc throws a boomerang.
The weapon returns to the orc!
The orc warrior hits you but does no damage.
You slash the orc!
You kill the orc!
You closely miss the orc warrior.
An orc comes into view. It is wielding a +0 short sword.
The orc throws a boomerang.
The boomerang barely misses you.
The weapon returns to the orc!
The orc throws a boomerang.
The boomerang hits you but does no damage.
The weapon returns to the orc!
Something hits you but does no damage.
The orc priest looks satisfied for a moment.
The orc warrior hits you with a +0 long sword!
* * * LOW MAGIC WARNING * * *
You die...

▒··▒▒·▒ ▒▒·▒▒ ▒·▒▒▒· ▒·▒▒▒·▒ ▒·▒
▒····· ▒·▒ ▒·▒ ▒·▒ ▒▒▒▒▒· ▒·▒▒▒·▒
▒ ▒▒'▒▒ ▒▒· ······▒ ▒·▒▒ ▒▒···▒▒
▒·· ▒·▒▒▒▒▒ ▒·▒·▒▒ ▒▒·····▒▒ ▒▒·
▒·▒ ▒··▒·▒▒ ▒▒·······▒▒ ▒▒
(·▒▒▒▒▒▒▒▒▒▒···▒▒▒▒o········▒▒▒▒·
·······!······o{@oo·········'····
·▒·▒▒▒▒▒·▒▒▒····▒▒▒o········▒▒▒▒·
▒▒·▒ ▒·▒ ▒··▒·▒ ▒▒·······▒▒ ▒▒
▒▒·▒ ▒·▒···▒▒·▒ ▒▒·····▒▒ ▒ ▒·▒
▒·▒·▒▒▒▒·▒ ▒▒···▒▒ ▒ ▒·▒ ▒·▒· ▒·▒
▒▒'▒▒ ▒ ▒·▒ ▒·▒ ▒·▒ ···o· ▒·▒ ▒··
··▒ ····( ▒·▒ ▒·· ····


You could see an orc warrior, an orc priest, an orc wizard and 2 orcs.

Vanquished Creatures
  An orc warrior (D:6)
  A phantom (D:5)
  2 centaurs (D:5)
  A bullfrog (D:6)
  3 scorpions
  3 howler monkeys
  2 centaur zombies (D:6)
  4 hounds (D:4)
  3 orc wizards
  3 orc priests
  3 jellies
  2 iguanas
  4 worker ants
  3 gnolls (D:5)
  8 adders
  9 oozes
  An adder skeleton (D:5)
  2 worms
  A dart slug (D:3)
  3 leopard geckos
  23 orcs
  A ball python (D:4)
  5 giant cockroaches
  6 goblins
  8 hobgoblins
  4 jackals (D:6)
  12 kobolds
  3 quokkas
  3 bats
  6 frilled lizards
  A giant cockroach zombie (D:6)
  A quokka zombie (D:5)
  4 rats
  A butterfly (D:5)
137 creatures vanquished.

Vanquished Creatures (others)
  A fungus (D:3)
  5 toadstools (D:3)
6 creatures vanquished.

Grand Total: 143 creatures vanquished

Notes
Turn   | Place    | Note
-------+----------+-------------------------------------------
     0 | D:1      | Azzok the Ghoul Fighter began the quest for the Orb.
     0 | D:1      | Reached XP level 1. HP: 19/19 MP: 0/0
   119 | D:1      | Reached skill level 2 in Axes
   383 | D:1      | Reached XP level 2. HP: 24/26 MP: 1/1
   851 | D:1      | Reached skill level 3 in Axes
  1226 | D:2      | Reached XP level 3. HP: 26/30 MP: 2/2
  2091 | D:3      | Reached XP level 4. HP: 38/38 MP: 3/3
  2168 | D:3      | Reached skill level 4 in Axes
  2170 | D:3      | Reached XP level 5. HP: 18/45 MP: 1/4
  2578 | D:3      | Reached skill level 5 in Axes
  2630 | D:3      | Reached XP level 6. HP: 43/51 MP: 5/5
  2811 | D:3      | Found a blossoming altar of Fedhas.
  2994 | D:4      | Reached skill level 6 in Axes
  3537 | D:4      | Reached XP level 7. HP: 39/57 MP: 4/6
  3842 | D:4      | Reached skill level 7 in Axes
  4282 | D:5      | Entered Level 5 of the Dungeon
  4667 | D:5      | Reached skill level 8 in Axes
  4718 | D:5      | Reached XP level 8. HP: 36/63 MP: 4/7
  4978 | D:5      | Found Dogoegg's Distillery.
  4986 | D:5      | Bought a potion of curing for 39 gold pieces
  4986 | D:5      | Bought a potion of heal wounds for 65 gold pieces
  5224 | D:5      | Found a shimmering altar of Xom.
  5246 | D:5      | Found an opulent altar of Gozag.
  5259 | D:5      | Reached skill level 9 in Axes
  5759 | D:6      | Reached skill level 1 in Evocations
  6550 | D:6      | Found a radiant altar of Vehumet.
  6722 | D:6      | HP: 3/63 [orc warrior/+0 long sword (15)]
  6725 | D:6      | Slain by an orc warrior

Levels and vault maps discovered:
D:1:      dpeg_arrival_water_fire, layout_basic
D:2:      layout_rooms
D:3:      cheibrodos_fertilizer, layout_basic, kennysheep_crisscross,
          serial_bayou_pond_d, fedhas_altar_3
D:4:      layout_loops_ring, minmay_goblin_kobold_house
D:5:      layout_basic, xom_butterflies, serial_shops,
          nicolae_shop_competitors_out_of_business, basic_altar, first_ration
D:6:      layout_loops_corners, basic_altar, dk_vineyard_2,
          kennysheep_generic_room_12

Skill      XL: |  1  2  3  4  5  6  7  8 |
---------------+-------------------------+-----
Axes           | 2 3 4 5 6 8 9 |  9.4
Armour         | 3 |  3.6
Evocations     | 2 |  2.1
Fighting       | |  3.2
Shields        | |  2.6

Action                   |  1- 3 |  4- 6 |  7- 9 || total
-------------------------+-------+-------+-------++-------
Melee: War axe           |   139 |   197 |   281 ||   617
  Use: Potion            |       |       |     1 ||     1
       Scroll            |       |       |     5 ||     5
  Eat: Chunk             |     8 |    12 |    21 ||    41
Armor: Scale mail        |    63 |    83 |    60 ||   206
       Chain mail        |       |       |    72 ||    72
Dodge: Dodged            |    34 |    73 |    79 ||   186
Block: Shield            |    67 |    98 |   125 ||   290

Table legend:
 A = Non-vault XP
 B = Vault XP
 C = Vault XP percentage of total XP
 D = Non-vault monster count
 E = Vault monster count
 F = Vault count percentage of total count
                 A         B        C        D         E       F
            +---------+---------+-------+---------+---------+-------
      Total |    2040 |     160 |   7.3 |     114 |      22 |  16.2
            +---------+---------+-------+---------+---------+-------
        D:1 |      32 |       0 |   0.0 |      15 |       0 |   0.0
        D:2 |      43 |       0 |   0.0 |      11 |       0 |   0.0
        D:3 |     147 |     148 |  50.2 |      13 |      16 |  55.2
        D:4 |     491 |       8 |   1.6 |      27 |       4 |  12.9
        D:5 |     774 |       0 |   0.0 |      24 |       0 |   0.0
        D:6 |     553 |       4 |   0.7 |      24 |       2 |   7.7
            +---------+---------+-------+---------+---------+-------
